AoeStats
← nobre0

Arabia

510646882Analyzed
1v1 RM · 1d ago on Oct 2, 2026· 22m 32s· 2 players
Game mode
Random Map
Map size
Tiny (2 player)
Population
200
Speed
Normal
Resources
Standard
Victory
Conquest
Starting age
Dark Age
Ending age
Imperial Age
RankedLock teamsTeams togetherTeam positionsShared explorationLock speedFull tech treeHidden civsTurbo modeCheats
Victory
Defeat
🇦🇷 Mongols · Argentina
1014
+15
🇧🇷 Gurjaras · Brazil
995
-15
nobre0
7:02 Loom
10:02 Feudal Age
11:20 Double-Bit Axe
19:52 Castle Age
19:18 Fletching
21:10 Wheelbarrow
JanoAoe
9:30 Feudal Age
7:46 Loom
10:09 Double-Bit Axe
16:25 Fletching
22:12 Castle Age
22:06 Forging
Connection lost

Rejoining the realm…

Still unreachable

The connection could not be restored.

Session expired

The server has moved on; the page needs a fresh start.